 Dungeon Sprint DCSS version 0.24-a0-246-gb963c9a (webtiles) character file.

Game seed: 11384694224034289626

4925 MikeHunt the Devastator (level 10, -6/68 HPs)
             Began as a Tengu Conjurer on Apr 12, 2019.
             Was the Champion of Vehumet.
             Mangled by an unseen horror (8 damage)
             ... in the Dungeon (Sprint III: "The Ten Rune Challenge").
             The game lasted 00:13:49 (1719 turns).

MikeHunt the Devastator (Tengu Conjurer)            Turns: 1719, Time: 00:13:49

Health: -6/68      AC:  2    Str:  6    XL:     10   Next: 52%
Magic:  12/25      EV: 24    Int: 19    God:    Vehumet [******]
Gold:   2937       SH:  0    Dex: 15    Spells: 11/30 levels left

rFire    . . .     SeeInvis .   q - +2 long sword (holy)
rCold    . . .     Gourm    .   (no shield)
rNeg     . . .     Faith    .   a - +0 robe
rPois    .         Spirit   .   (helmet restricted)
rElec    .         Reflect  .   (no cloak)
rCorr    .         Harm     .   (no gloves)
MR       +....     NoTele   +   (boots unavailable)
Stlth    ++........             (no amulet)
HPRegen  0.21/turn              (no ring)
MPRegen  0.19/turn              (no ring)

@: flying quickly and evasively, very slightly contaminated, quick
A: beak, claws 1, talons 3, deterioration 1, magic resistance 1, mutation
resistance 1, screaming 1, weak 1, able to fly
a: Stop Flying, Renounce Religion


You were in the Dungeon.
You worshipped Vehumet.
Vehumet was exalted by your worship.
You were not hungry.

You visited 1 branch You collected 4197 gold pieces.
You spent 1260 gold pieces at shops.

Inventory:

Hand Weapons
 j - a +0 dagger
 q - a +2 long sword of holy wrath (weapon)
Armour
 a - a +0 robe (worn)
Scrolls
 b - a scroll of amnesia {unknown}
 k - a scroll of magic mapping {unknown}
 m - 2 scrolls of holy word {unknown}
 n - 2 scrolls of remove curse {unknown}
 o - a scroll of enchant armour {unknown}
Potions
 d - 3 potions of curing
 h - a potion of berserk rage
 l - a potion of mutation
 p - a potion of flight {unknown}
 r - a potion of might
Comestibles
 c - 4 rations
 f - 4 chunks of flesh {@w1}


   Skills:
 - Level 10.6 Fighting
 - Level 11.7 Dodging
 - Level 2.0 Stealth
 + Level 10.6 Spellcasting
 - Level 15.9 Conjurations
 * Level 8.7 Translocations


You had 11 spell levels left.
You knew the following spells:

 Your Spells              Type           Power        Failure   Level  Hunger
d - Iskenderun's Mystic   Conj           ######..     1%          4    ##.....
e - Magic Dart            Conj           ####         0%          1    None
q - Controlled Blink      Tloc           N/A          100%        8    #######
r - Searing Ray           Conj           ######       0%          2    None
v - Force Lance           Conj/Tloc      ######..     1%          4    ##.....

Your spell library contained the following spells:

 Spells                   Type           Power        Failure   Level  Hunger
 Lee's Rapid Deconstruct  Erth           ##........   43%         5    ####...
 Freeze                   Ice            ##..         1%          1    None
 Throw Frost              Conj/Ice       #####.       1%          2    None
 Dazzling Spray           Conj/Hex       #####.       1%          3    None
 Gell's Gravitas          Tloc           #####.....   1%          3    None
 Fulminant Prism          Conj/Hex       #####.....   1%          4    ##.....
 Throw Icicle             Conj/Ice       #####...     1%          4    ##.....
 Portal Projectile        Hex/Tloc       ####..       3%          3    None
 Ozocubu's Armour         Chrm/Ice       ##......     22%         3    None
 Dispersal                Tloc           #####.....   30%         6    ######.
 Summon Ice Beast         Ice/Summ       ##......     56%         4    ##.....
 Disjunction              Tloc           #####.....   100%        8    #######


Dungeon Overview and Level Annotations

Branches:
Dungeon (1/1)

Altars:
Cheibriados
Dithmenos
Elyvilon
Fedhas
Gozag
Hepliaklqana
Kikubaaqudgha
Makhleb
Nemelex Xobeh
Okawaru
Qazlal
Ru
Sif Muna
Trog
Uskayaw
Vehumet
Wu Jian
Xom
Yredelemnul
Zin
The Shining One
Beogh
Jiyva
Lugonu

Shops:
D :


Innate Abilities, Weirdness & Mutations

You have a beak for a mouth.
You have claws for feet.
You can fly continuously.
You have sharp fingernails.
Your body sometimes deteriorates upon taking damage.
You are resistant to hostile enchantments. (MR+)
You are somewhat resistant to further mutation.
You occasionally shout uncontrollably at your foes.
You are weak. (Str -2)


Message History

There is an open door, spattered with blood here.
There is an open door here.
You start resting.
Eating one of 5 chunks of flesh {@w1}.
You eat one of the 5 chunks of flesh {@w1}.
This raw flesh tastes terrible.
Something completely misses you. Something hits you.
Deactivating autopickup; reactivate with Ctrl-A.
Something hits you!
* * * LOW HITPOINT WARNING * * *
Something hits you!
* * * LOW HITPOINT WARNING * * *
Something hits you.
* * * LOW HITPOINT WARNING * * *
Blink to where?
Press: ? - help, Dir - move target cursor You are very lightly contaminated with residual magic.
As you read the scroll of blinking, it crumbles to dust.
Something hits you!
You die...

## ### .
_###∩####...
_#.........#
##........#.
.#..........
.#....#.#.#.
'#.##.### #
.#'###############
.#..§§§'.#.'§..'@#
.#.#§≈§#)#.#...##.#
.(.#§§§#.#)#...#
#)#
.#.#§§.#.).#...#
#.#
▓▓▓▓▓▓▓▓▓▓▓▓▓▓▓#
#.# #.# #.# ##


There were no monsters in sight!

Vanquished Creatures
  Snorg (D)
  A centaur warrior (D)
  An orc high priest (D)
  An unseen horror (D)
  An orc knight (D)
  A deep elf mage (D)
  A shadow (D)
  A spatial vortex (D)
  2 orc warriors (D)
  A necrophage (D)
  2 centaurs (D)
  An earth elemental (D)
  A water elemental (D)
  A scorpion (D)
  A jelly (D)
  3 orc priests (D)
  2 orc wizards (D)
  A wizard (D)
  Jessica (D)
  A necromancer (D)
  3 humans (D)
  A kobold demonologist (D)
  8 orcs (D)
  A bat (D)
  3 rats (D)
41 creatures vanquished.

Vanquished Creatures (others)
  2 draconian scorchers (D)
  6 hellions (D)
  2 yaktaurs (D)
10 creatures vanquished.

Grand Total: 51 creatures vanquished

Notes
Turn   | Place    | Note
-------+----------+-------------------------------------------
     0 | D        | MikeHunt the Tengu Conjurer began the quest for the Orb.
     0 | D        | Reached XP level 1. HP: 10/10 MP: 4/4
    34 | D        | Noticed Jessica
    40 | D        | Killed Jessica
    40 | D        | Reached skill level 7 in Conjurations
    40 | D        | Reached XP level 2. HP: 15/15 MP: 2/8
    40 | D        | Reached XP level 3. HP: 19/19 MP: 2/10
    81 | D        | Killed a hellion
   109 | D        | Killed a hellion
   110 | D        | Killed a hellion
   110 | D        | Killed a hellion
   111 | D        | Killed a hellion
   113 | D        | Learned a level 2 spell: Searing Ray
   119 | D        | Noticed a scorpion
   126 | D        | Killed a scorpion
   126 | D        | Reached skill level 5 in Spellcasting
   126 | D        | Reached skill level 9 in Conjurations
   126 | D        | Reached XP level 4. HP: 24/24 MP: 3/12
   141 | D        | Killed a hellion
   144 | D        | Gained mutation: Armour fits poorly on your strangely
                  | shaped body. [potion of mutation]
   144 | D        | Gained mutation: You have sharp fingernails. [potion of
                  | mutation]
   144 | D        | Gained mutation: Your magical capacity is low. (-10% MP)
                  | [potion of mutation]
   144 | D        | Gained mutation: You are somewhat resistant to further
                  | mutation. [potion of mutation]
   145 | D        | Lost mutation: Your magical capacity is low. (-10% MP)
                  | [potion of mutation]
   145 | D        | Lost mutation: You are somewhat resistant to further
                  | mutation. [potion of mutation]
   145 | D        | Lost mutation: Armour fits poorly on your strangely shaped
                  | body. [potion of mutation]
   145 | D        | Gained mutation: You occasionally shout uncontrollably at
                  | your foes. [potion of mutation]
   145 | D        | Gained mutation: Your body sometimes deteriorates upon
                  | taking damage. [potion of mutation]
   145 | D        | Gained mutation: You are weak. (Str -2) [potion of
                  | mutation]
   145 | D        | Gained mutation: You have a pair of small horns on your
                  | head. [potion of mutation]
   146 | D        | Lost mutation: You have a pair of small horns on your head.
                  | [potion of mutation]
   146 | D        | Gained mutation: You are resistant to hostile enchantments.
                  | (MR+) [potion of mutation]
   146 | D        | Gained mutation: You are somewhat resistant to further
                  | mutation. [potion of mutation]
   153 | D        | Killed a yaktaur
   192 | D        | Killed a white draconian scorcher
   236 | D        | Killed a white draconian scorcher
   303 | D        | Noticed a water elemental
   308 | D        | Killed a water elemental
   308 | D        | Reached skill level 10 in Conjurations
   308 | D        | Gained mutation: You can fly continuously. [Tengu growth]
   308 | D        | Reached XP level 5. HP: 28/28 MP: 9/15
   378 | D        | Found a radiant altar of Vehumet.
   379 | D        | Found a deep blue altar of Sif Muna.
   379 | D        | Found an ancient bone altar of Kikubaaqudgha.
   381 | D        | Reached skill level 11 in Conjurations
   389 | D        | Became a worshipper of Vehumet
   424 | D        | Noticed a shadow
   428 | D        | Reached XP level 6. HP: 28/32 MP: 12/18
   430 | D        | Killed a shadow
   430 | D        | Reached skill level 13 in Conjurations
   437 | D        | Learned a level 4 spell: Iskenderun's Mystic Blast
   448 | D        | Learned a level 4 spell: Force Lance
   477 | D        | Found a blossoming altar of Fedhas.
   477 | D        | Found a stormy altar of Qazlal.
   478 | D        | Found a snail-covered altar of Cheibriados.
   478 | D        | Found a burning altar of Makhleb.
   478 | D        | Found a hazy altar of Hepliaklqana.
   478 | D        | Found a shimmering altar of Xom.
   478 | D        | Found an opulent altar of Gozag.
   478 | D        | Found a sparkling altar of Nemelex Xobeh.
   478 | D        | Found a corrupted altar of Lugonu.
   478 | D        | Found a viscous altar of Jiyva.
   478 | D        | Noticed a spatial vortex
   492 | D        | Killed a spatial vortex
   492 | D        | Reached * piety under Vehumet
   492 | D        | Offered knowledge of Sting by Vehumet.
   492 | D        | Reached XP level 7. HP: 39/40 MP: 2/20
   587 | D        | Found a glowing silver altar of Zin.
   587 | D        | Found a glowing golden altar of the Shining One.
   587 | D        | Found a white marble altar of Elyvilon.
   587 | D        | Noticed a deep elf mage
   595 | D        | Killed a deep elf mage
   595 | D        | Reached skill level 5 in Fighting
   595 | D        | Reached XP level 8. HP: 38/51 MP: 11/22
   658 | D        | Found a hide-covered altar of Uskayaw.
   658 | D        | Found a roughly hewn altar of Beogh.
   658 | D        | Found an iron altar of Okawaru.
   658 | D        | Found a bloodstained altar of Trog.
   658 | D        | Found an ornate altar of the Wu Jian Council.
   662 | D        | Reached skill level 5 in Translocations
   663 | D        | Reached ** piety under Vehumet
   772 | D        | Found a basalt altar of Yredelemnul.
   772 | D        | Found a shadowy altar of Dithmenos.
   772 | D        | Found a sacrificial altar of Ru.
   773 | D        | Offered knowledge of Shock by Vehumet.
   808 | D        | Found Fimeutuwn's Book Emporium.
   833 | D        | Reached *** piety under Vehumet
   853 | D        | Killed a yaktaur
   877 | D        | Reached **** piety under Vehumet
   986 | D        | Noticed an orc high priest
   990 | D        | Offered knowledge of Throw Flame by Vehumet.
  1051 | D        | Killed an orc high priest
  1051 | D        | Reached skill level 10 in Dodging
  1051 | D        | Reached skill level 14 in Conjurations
  1051 | D        | Reached XP level 9. HP: 60/60 MP: 7/23
  1068 | D        | Noticed an orc knight
  1069 | D        | Reached ***** piety under Vehumet
  1124 | D        | Noticed Snorg
  1129 | D        | HP: 2/60 [Snorg (19)]
  1165 | D        | Killed an orc knight
  1165 | D        | Reached skill level 15 in Conjurations
  1172 | D        | Killed Snorg
  1172 | D        | Reached skill level 10 in Fighting
  1172 | D        | Reached XP level 10. HP: 24/68 MP: 2/24
  1331 | D        | Offered knowledge of Static Discharge by Vehumet.
  1385 | D        | Bought a book of the Warp for 1260 gold pieces
  1395 | D        | Learned a level 8 spell: Controlled Blink
  1493 | D        | Offered knowledge of Stone Arrow by Vehumet.
  1502 | D        | Reached ****** piety under Vehumet
  1523 | D        | Noticed a centaur warrior
  1529 | D        | Killed a centaur warrior
  1529 | D        | Reached skill level 10 in Spellcasting
  1646 | D        | Offered knowledge of Lee's Rapid Deconstruction by Vehumet.
  1665 | D        | Killed an unseen horror
  1718 | D        | HP: 2/68 [something (3)]
  1719 | D        | Mangled by an unseen horror

Levels and vault maps discovered:
D:        dungeon_sprint_mu [sprint_mu_entry_forest, sprint_mu_temple_rooms,
          sprint_mu_d1_horrors, sprint_mu_d2_genie, sprint_mu_d3_branching,
          sprint_mu_orc_legion, sprint_mu_elf_gauntlet, sprint_mu_hive_nellie,
          sprint_mu_lair_fedhas, sprint_mu_vaults_butterflies,
          sprint_mu_slime_circle, sprint_mu_swamp_cave, sprint_mu_snake_twists,
          sprint_mu_blade_basic, sprint_mu_crypt_fortress,
          sprint_mu_tomb_spiral, sprint_mu_vestibule_basic,
          sprint_mu_gehenna_hellfire, sprint_mu_dis_giant,
          sprint_mu_tartarus_statrot, sprint_mu_cocytus_islands, sprint_mu_zot1]

Skill      XL: |  1  2  3  4  5  6  7  8  9 10 |
---------------+-------------------------------+-----
Spellcasting   | 4 5 7 8 9 10 | 10.6
Conjurations   | 7 9 10 11 13 14 15 | 15.9
Fighting       | 2 5 9 10 | 10.6
Dodging        | 3 6 10 11 | 11.7
Translocations | 2 4 5 8 |  8.7
Stealth        | |  2.0

Action                   |  1- 3 |  4- 6 |  7- 9 | 10-12 || total
-------------------------+-------+-------+-------+-------++-------
Melee: Unarmed           |     4 |       |       |       ||     4
       Kick              |     3 |       |     1 |     2 ||     6
       Peck              |     1 |       |     2 |       ||     3
       Long sword        |       |       |     2 |       ||     2
 Cast: Magic Dart        |     8 |    13 |    11 |    10 ||    42
       Searing Ray       |     1 |     7 |     8 |     7 ||    23
       Iskenderun's Myst |       |     1 |    29 |    12 ||    42
 Abil: Fly               |       |     1 |     1 |       ||     2
       Stop Flying       |       |       |     1 |       ||     1
  Use: Potion            |       |     3 |     4 |     1 ||     8
       Scroll            |       |       |     2 |     1 ||     3
  Eat: Chunk             |       |       |     2 |     4 ||     6
Armor: Robe              |     1 |       |       |     1 ||     2
Dodge: Dodged            |       |     5 |    24 |    18 ||    47
       Rpst.: Long sword |       |       |     6 |     2 ||     8

Table legend:
 A = Non-vault XP
 B = Vault XP
 C = Vault XP percentage of total XP
 D = Non-vault monster count
 E = Vault monster count
 F = Vault count percentage of total count
                 A         B        C        D         E       F
            +---------+---------+-------+---------+---------+-------
      Total |       0 |    7037 | 100.0 |       0 |      41 | 100.0
            +---------+---------+-------+---------+---------+-------
          D |       0 |    7037 | 100.0 |       0 |      41 | 100.0
            +---------+---------+-------+---------+---------+-------
